 Dungeon Crawl Stone Soup version 0.18-a0-1350-g404b4cb (webtiles) character file.

352 M4edhros the Covert (level 6, -5/42 HPs)
             Began as an Octopode Monk on Feb 18, 2016.
             Was a Believer of Cheibriados.
             Slain by a gnoll sergeant
             ... wielding a +0 spear
              (8 damage)
             ... on level 5 of the Dungeon.
             The game lasted 00:07:39 (1665 turns).

M4edhros the Covert (Octopode Monk)                 Turns: 1665, Time: 00:07:39

Health: -5/42      AC:  1    Str: 16    XL:     6   Next: 61%
Magic:  6/6        EV: 14    Int: 17    God:    Cheibriados [**....]
Gold:   168        SH:  0    Dex: 21    Spells: 0 memorised, 5 levels left

rFire  . . .     SeeInvis .       - Unarmed
rCold  . . .     Gourm    .     (no shield)
rNeg   . . .     Faith    .     (helmet restricted)
rPois  .         Spirit   .     (no amulet)
rElec  .         Dismiss  .     b - ring of resist corrosion
rCorr  +         Reflect  .     (no ring)
SustAt .         Harm     .     (no ring)
MR     .....                    (no ring)
Stlth  ++++++....               (no ring)
                                (no ring)
                                (no ring)
                                (no ring)

@: very slightly contaminated, invisible, very slow, not resistant to hostile
enchantments, very stealthy
A: almost no armour, amphibious, 8 rings, constrict 8, camouflage 1, gelatinous
body 1
a: Bend Time, Renounce Religion


You were on level 5 of the Dungeon.
You worshipped Cheibriados.
Cheibriados was pleased with you.
You were not hungry.

You visited 2 branches of the dungeon, and saw 6 of its levels.

You collected 168 gold pieces.

Inventory:

Hand Weapons
 l - a +0 hunting sling
Missiles
 d - 86 stones (quivered)
 i - 5 sling bullets of flame
Jewellery
 b - a ring of resist corrosion (left tentacle)
Scrolls
 f - 6 scrolls of identify {unknown}
 g - a scroll of fog {unknown}
 j - a scroll of random uselessness {unknown}
 n - a scroll of immolation {unknown}
Comestibles
 a - 4 bread rations
 h - a beef jerky
 k - a meat ration


   Skills:
 - Level 3.0 Fighting
 - Level 3.0 Dodging
 * Level 8.0 Stealth
 + Level 5.5 Unarmed Combat


You had 5 spell levels left.
You didn't know any spells.

Dungeon Overview and Level Annotations

Branches:
Dungeon (5/15)             Temple (1/1) D:4

Altars:
Cheibriados
Elyvilon
Fedhas
Gozag
Kikubaaqudgha
Makhleb
Sif Muna
Vehumet
Xom
Yredelemnul
The Shining One

Annotations:
D:3 Ijyb
D:4 Dowan


Innate Abilities, Weirdness & Mutations

You cannot wear most types of armour.
You are amphibious.
You can wear up to eight rings at the same time.
You can use your tentacles to constrict eight enemies at once.
Your skin changes colour to match your surroundings (Stealth).
Your rubbery body absorbs attacks (AC +1).


Message History

You tentacle-slap the hound. You squeeze the hound!
You kill the hound!
Cheibriados thoroughly appreciates the change of pace.
You constrict the gnoll.
You kill the gnoll!
Cheibriados thoroughly appreciates the change of pace.
Unknown command.
You bludgeon the gnoll! You grab the gnoll. You squeeze the gnoll.
You kill the gnoll!
Cheibriados appreciates the change of pace.
Your Stealth skill increases to level 8!
The orc barely misses you. The gnoll sergeant barely misses you.
Unknown command.
Unknown command.
You strike the helpless orc from behind!
You bludgeon the orc!
You kill the orc!
Cheibriados appreciates the change of pace.
The gnoll sergeant hits you from afar with a spear!
You die...

#.#...........###
#.#.............# ..
#.#...........#.#
...#.###.#..............
#..#.#.......####.#.#...
#...#.......####.#<....
#.....................
#.........####.#.....
#...@)....# #.######
#..††)##.## #.......
#..g..##.# ######## .
#..o..##.# ≈≈≈
#.....##.#
....#.....##.#
...#......##.# #.......#
#........#


You could see a gnoll sergeant and an orc wizard.

Vanquished Creatures
  A scorpion (D:4)
  A hound (D:5)
  2 orc wizards
  Terence (D:3)
  7 adders
  5 gnolls (D:5)
  An ooze (D:1)
  An adder skeleton (D:4)
  A worm (D:4)
  2 giant geckos
  14 orcs
  4 bats
  2 giant cockroaches
  A goblin (D:3)
  7 hobgoblins
  2 jackals (D:1)
  A kobold (D:2)
  A giant newt (D:3)
  14 rats
  A spectral orc (D:2)
  A withered plant (D:4)
70 creatures vanquished.

Notes
Turn   | Place    | Note
--------------------------------------------------------------
     0 | D:1      | M4edhros the Octopode Monk began the quest for the Orb.
     0 | D:1      | Reached XP level 1. HP: 16/16 MP: 1/1
    68 | D:1      | Reached XP level 2. HP: 13/21 MP: 2/2
   214 | D:3      | Reached XP level 3. HP: 9/26 MP: 3/3
   320 | D:2      | Found a basalt altar of Yredelemnul.
   386 | D:3      | Noticed Ijyb
   559 | D:1      | Reached skill level 5 in Stealth
   593 | D:1      | Reached XP level 4. HP: 13/31 MP: 4/4
   848 | D:3      | Reached skill level 6 in Stealth
   867 | D:3      | Noticed Terence
   879 | D:3      | Killed Terence
   879 | D:3      | Reached XP level 5. HP: 33/36 MP: 5/5
   998 | D:4      | Found a radiant altar of Vehumet.
  1161 | D:4      | Found a staircase to the Ecumenical Temple.
  1174 | Temple   | Entered the Ecumenical Temple
  1202 | Temple   | Became a worshipper of Cheibriados the Contemplative
  1202 | Temple   | Reached * piety under Cheibriados
  1202 | Temple   | Reached ** piety under Cheibriados
  1282 | D:4      | Noticed Dowan
  1287 | D:4      | Found an ancient bone altar of Kikubaaqudgha.
  1322 | D:4      | Reached skill level 7 in Stealth
  1322 | D:4      | Reached skill level 5 in Unarmed Combat
  1322 | D:4      | Reached XP level 6. HP: 29/42 MP: 6/6
  1599 | D:5      | Entered Level 5 of the Dungeon
  1664 | D:5      | Reached skill level 8 in Stealth
  1665 | D:5      | Slain by a gnoll sergeant

Vault maps used:
D:1:      erik_arrival_orb_chamber
D:2:      yredelemnul_forgotten_temple_becter, first_bread
D:3:      lemuel_crystal_altar, minivault_23, st_stairs_13, corexii_shack,
          kennysheep_generic_room_5, uniq_terence, uniq_sigmund, uniq_iyjb
D:4:      kiku_gazebo_garden_becter, lemuel_doored_altar,
          minmay_temple_entry_glassed_door, uniq_duvessa
D:5:      nicolae_ru_awakened_eye, nicolae_sextant, lightli_church_of_beogh
Temple:   minmay_temple_bridge_a_8

Action                   |  1- 3 |  4- 6 || total
-------------------------+-------+-------++-------
Melee: Unarmed           |    64 |   107 ||   171
Throw: Stone             |       |     1 ||     1
  Use: Potion            |     2 |     7 ||     9
       Scroll            |       |     1 ||     1
 Stab: Sleeping          |    10 |     3 ||    13
       Invisible         |       |     4 ||     4
  Eat: Chunk             |       |     2 ||     2
